 Dungeon Crawl Stone Soup version 0.17-a0-1979-g1c74939 (webtiles) character file.

127 derrpe the Chucker (level 5, 0/54 HPs)
             Began as an Ogre Hunter on Oct 5, 2015.
             Was an Initiate of Okawaru.
             Succumbed to a scorpion's poison
             ... on level 3 of the Dungeon.
             The game lasted 00:07:10 (3812 turns).

derrpe the Chucker (Ogre Hunter)                    Turns: 3812, Time: 00:07:11

Health: 0/54       AC:  3    Str: 17    XL:     5   Next: 11%
Magic:  5/5        EV: 10    Int: 10    God:    Okawaru [......]
Gold:   137        SH:  0    Dex: 11    Spells: 0 memorised, 4 levels left

rFire  . . .     SeeInvis .     c - +0 short sword
rCold  . . .     Clarity  .     d - +0 robe
rNeg   . . .     SustAt   .     (no shield)
rPois  .         Gourm    .     (helmet restricted)
rElec  .         Spirit   .     (no cloak)
rCorr  .         Warding  .     (gloves unavailable)
rMut   +         Stasis   .     (boots unavailable)
MR     .....                    j - amulet of resist mutation
Stlth  +.........               (no ring)
                                (no ring)

@: lethally poisoned (0 -> -11), hasted, very quick, not resistant to hostile
enchantments, very unstealthy
A: unfitting armour, tough skin 1
a: Renounce Religion


You were on level 3 of the Dungeon.
You worshipped Okawaru.
Okawaru was noncommittal.
You were not hungry.

You visited 1 branch of the dungeon, and saw 4 of its levels.

You collected 137 gold pieces.

Inventory:

Hand Weapons
 c - a +0 short sword (weapon)
Missiles
 f - 12 stones (quivered)
 h - 6 sling bullets
 n - 7 needles of sleeping
Armour
 d - a +0 robe (worn)
Jewellery
 j - an amulet of resist mutation (around neck)
Scrolls
 i - a scroll of recharging {unknown}
 m - a scroll of remove curse
 o - 3 scrolls of identify
 q - a scroll of noise {unknown}
 r - a scroll of random uselessness {unknown}
Potions
 k - 2 potions of magic
Comestibles
 e - 4 bread rations {@e1}
 g - a beef jerky
 p - 2 meat rations {@e2}


   Skills:
 + Level 4.2 Fighting
 * Level 5.5 Throwing
 + Level 2.8 Dodging
 - Level 0.7 Stealth


You had 4 spell levels left.
You didn't know any spells.

Dungeon Overview and Level Annotations

Branches:
Dungeon (4/15)
 Temple: D:4-7

Altars:
Ashenzari
Okawaru
Qazlal
Ru
Xom
Zin

Annotations:
D:4 Pikel


Innate Abilities, Weirdness & Mutations

You are too large for most types of armour.
You have tough skin (AC +1).


Message History

Throwing (i - inventory. (,) - cycle):
a - a large rock (quivered)
Press: ? - help, Shift-Dir - straight line, f/p - scorpion
Aim: a scorpion (moderately wounded)
You throw a large rock.
The large rock barely misses the scorpion.
The scorpion stings you!
* * * LOW HITPOINT WARNING * * *
You are lethally poisoned!
The scorpion poisons you!
Throwing (i - inventory. (,) - cycle):
b - a throwing net (quivered)
Press: ? - help, Shift-Dir - straight line, f/p - scorpion
Aim: a scorpion (moderately wounded)
You throw a throwing net.
The throwing net completely misses the scorpion.
* * * LOW HITPOINT WARNING * * *
You feel sick. The scorpion stings you.
* * * LOW HITPOINT WARNING * * *
Drink which item? (? for menu, Esc to quit)
It was a potion of haste.
You feel yourself speed up.
You die...

#.###### #..# ######### #.#
#..# #........ #.# #..####
#.####### #.# #..##.###.#
#.# #..#...##.# #.#
#.......#.# ##### #.#
##.#...##.# #.... #.#
###.##.###.# #.### #.#
#@....)# #.# #.#..
#.########s###.)###.###.#.#
#......)...###.......÷.....
##########.#.#..#######....
#..#.###### #####.
###.###_#.###⌠#.##
####_.#.#.#.#.8#
######............
#....#_......)....


You could see a scorpion.

Vanquished Creatures
  7 adders
  2 worms
  A giant gecko (D:1)
  2 orcs (D:3)
  4 giant cockroaches
  9 goblins
  8 hobgoblins
  9 kobolds
  2 quokkas
  7 bats
  4 giant newts
  4 rats
59 creatures vanquished.

Notes
Turn   | Place    | Note
--------------------------------------------------------------
     0 | D:1      | derrpe the Ogre Hunter began the quest for the Orb.
     0 | D:1      | Reached XP level 1. HP: 22/22 MP: 1/1
   283 | D:1      | Reached XP level 2. HP: 28/31 MP: 2/2
   979 | D:2      | Reached XP level 3. HP: 37/37 MP: 3/3
  1151 | D:2      | Found an iron altar of Okawaru.
  1278 | D:2      | Became a worshipper of Warmaster Okawaru
  1760 | D:2      | Reached skill level 5 in Throwing
  2267 | D:3      | Reached XP level 4. HP: 32/48 MP: 4/4
  3299 | D:3      | Reached XP level 5. HP: 54/54 MP: 5/5
  3574 | D:3      | Found a stormy altar of Qazlal.
  3587 | D:3      | Found a shimmering altar of Xom.
  3588 | D:3      | Found a sacrificial altar of Ru.
  3588 | D:3      | Found a glowing silver altar of Zin.
  3593 | D:3      | Found a shattered altar of Ashenzari.
  3748 | D:4      | Noticed a slave
  3793 | D:4      | Noticed a slave
  3795 | D:4      | Noticed a slave
  3796 | D:4      | Noticed Pikel
  3811 | D:3      | HP: 2/54 [scorpion (1)]
  3812 | D:3      | Succumbed to a scorpion's poison

Vault maps used:
D:1:      evilmike_arrival_crescent
D:2:      lemuel_round_altar, first_bread, grunt_ministairs_9
D:3:      minitemple, minmay_cupped
D:4:      serial_bayou_lagoon_b, uniq_pikel

Action                   |  1- 3 |  4- 6 || total
-------------------------+-------+-------++-------
Melee: Short sword       |    48 |     9 ||    57
Throw: Stone             |   156 |   149 ||   305
       Large rock        |     7 |    15 ||    22
       Throwing net      |     1 |     1 ||     2
  Use: Scroll            |     2 |       ||     2
       Potion            |       |     1 ||     1
 Stab: Held in net/web   |     1 |       ||     1
       Sleeping          |       |     1 ||     1
  Eat: Chunk             |     4 |     5 ||     9
